 Dungeon Crawl Stone Soup version 0.25.1-2-g60ff931df9 (webtiles) character file.

Game seed: 4942694214815414147

8600 CrazyMind the Destroyer (level 11, -29/77 HPs)
             Began as a Human Conjurer on Sept 26, 2020.
             Was a Believer of Vehumet.
             Killed from afar by a fire dragon (52 damage)
             ... with a blast of flame
             ... on level 11 of the Dungeon on Oct 4, 2020.
             The game lasted 01:53:17 (16748 turns).

CrazyMind the Destroyer (Human Conjurer)           Turns: 16748, Time: 01:53:18

Health: -29/77     AC:  9    Str: 16    XL:     11   Next: 58%
Magic:  32/32      EV: 14    Int: 22    God:    Vehumet [**....]
Gold:   560        SH:  0    Dex: 13    Spells: 6/26 levels left

rFire    . . .     SeeInvis .   L - +6 broad axe "Vessyutz" {elec, +Blink Int+4}
rCold    . . .     Gourm    .   (no shield)
rNeg     . . .     Faith    .   m - +0 leather armour
rPois    +         Spirit   .   y - +0 helmet
rElec    .         Reflect  .   O - +0 cloak {rPois}
rCorr    .         Harm     .   e - +0 pair of gloves
MR       .....                  N - +0 pair of boots (curse)
Stlth    ++........             l - amulet of the acrobat
HPRegen  0.22/turn              M - ring of magical power
MPRegen  0.23/turn              K - +6 ring of strength

@: no status effects
A: no striking features
a: Renounce Religion, Evoke Blink


You were on level 11 of the Dungeon.
You worshipped Vehumet.
Vehumet was pleased with you.
You were not hungry.

You visited 4 branches of the dungeon, and saw 14 of its levels.

You collected 560 gold pieces.

Inventory:

Hand Weapons
 s - a +1 whip of venom
 C - the +12 falchion "Othret" {holy, rElec rN+ Int-5}
   (You found it on level 5 of the Dungeon)

   It has been blessed by the Shining One to cause great damage to the undead
   and demons.
   It affects your intelligence (-5).
   It insulates you from electricity.
   It protects you from negative energy.
 I - a +1 whip of flaming
 L - the +6 broad axe "Vessyutz" (weapon) {elec, +Blink Int+4}
   (You found it on level 8 of the Dungeon)

   Occasionally, upon striking a foe, it will discharge some electrical energy
   and cause terrible harm.
   It affects your intelligence (+4).
   It lets you blink.
Missiles
 j - 295 stones
 q - 2 javelins
 r - 42 poisoned darts (quivered)
 x - 3 boomerangs
 D - 8 atropa-tipped darts
Armour
 a - a +0 robe
 e - a +0 pair of gloves (worn)
 m - a +0 leather armour (worn)
 t - a +0 chain mail
 y - a +0 helmet (worn)
 G - a +0 ring mail
 N - a cursed +0 pair of boots (worn)
 O - a +0 cloak of poison resistance (worn)
 U - a +0 robe of fire resistance
Jewellery
 l - an amulet of the acrobat (around neck)
 E - an uncursed ring of protection from fire
 K - a +6 ring of strength (right hand)
 M - a ring of magical power (left hand)
 T - an uncursed amulet of reflection {unknown}
Wands
 d - a wand of enslavement (6)
 u - a wand of random effects (14)
 R - a wand of digging (12)
 V - a wand of clouds (5)
 Y - a wand of disintegration (11)
Scrolls
 f - a scroll of magic mapping
 i - 3 scrolls of enchant weapon
 n - 6 scrolls of teleportation {unknown}
 p - a scroll of fear {unknown}
 w - a scroll of amnesia {unknown}
 B - a scroll of fog {unknown}
 P - 5 scrolls of remove curse
 Z - a scroll of holy word {unknown}
Potions
 b - a potion of invisibility
 g - 2 potions of ambrosia
 h - 6 potions of haste
 k - a potion of degeneration {unknown}
 o - a potion of mutation {unknown}
 v - a potion of might {unknown}
 z - 2 potions of resistance {unknown}
 A - 5 potions of stabbing
 F - 2 potions of heal wounds
 H - a potion of flight {unknown}
 J - a potion of magic {unknown}
 Q - a potion of cancellation {unknown}
 S - 3 potions of curing {unknown}
 W - a potion of brilliance {unknown}
 X - a potion of lignification {unknown}
Comestibles
 c - 23 rations


   Skills:
 + Level 4.3 Fighting
 - Level 2.8(3.0) Axes
 - Level 1.0(2.0) Maces & Flails
 - Level 1.0 Throwing
 + Level 6.9 Armour
 + Level 5.8 Dodging
 - Level 2.0 Stealth
 + Level 8.2 Spellcasting
 * Level 9.4 Conjurations
 + Level 6.1 Earth Magic


You had 6 spell levels left.
You knew the following spells:

 Your Spells              Type           Power        Failure   Level  Hunger
a - Magic Dart            Conj           ####         1%          1    None
b - Searing Ray           Conj           ######       1%          2    None
c - Stone Arrow           Conj/Erth      #####.       1%          3    None
d - Passwall              Tmut/Erth      ###.....     3%          2    None
e - Dazzling Flash        Conj/Hex       ####..       3%          3    None
f - Fulminant Prism       Conj/Hex       ####......   12%         4    ###....
g - Lee's Rapid Deconstr  Erth           #####.....   19%         5    #####..

Your spell library contained the following spells:

 Spells                   Type           Power        Failure   Level  Hunger
 Static Discharge         Conj/Air       ####....     3%          3    None
 Sandblast                Erth           #####.       1%          1    None
 Beastly Appendage        Tmut           #.....       9%          1    None
 Iskenderun's Mystic Bla  Conj/Tloc      ####....     12%         4    ###....
 Sticks to Snakes         Tmut           #.......     13%         2    None
 Petrify                  Tmut/Erth      ###.....     24%         4    ###....
 Confusing Touch          Hex            #.......     26%         3    None
 Gell's Gravitas          Tloc           #.........   26%         3    None
 Spider Form              Tmut/Pois      #.........   26%         3    None
 Cause Fear               Hex            #.........   65%         4    ###....
 Ice Form                 Ice/Tmut       #.......     65%         4    ###....
 Blade Hands              Tmut           #.........   94%         5    #####..
 Metabolic Englaciation   Hex/Ice        #.........   94%         5    #####..
 Silence                  Hex/Air        #.........   94%         5    #####..
 Yara's Violent Unravell  Hex/Tmut       #.........   94%         5    #####..
 Discord                  Hex            #.........   100%        8    #######


Dungeon Overview and Level Annotations

Branches:
Dungeon (11/15)            Temple (1/1) D:6            Lair (1/6) D:8
    Orc (1/2) D:9

Altars:
Ashenzari
Cheibriados
Dithmenos
Elyvilon
Fedhas
Gozag
Hepliaklqana
Kikubaaqudgha
Makhleb
Nemelex Xobeh
Okawaru
Qazlal
Ru
Sif Muna
Trog
Uskayaw
Vehumet
Wu Jian
Xom
Yredelemnul
Zin
The Shining One
Beogh

Annotations:
D:3 exclusion: downstairs
D:7 exclusion: downstairs
D:8 exclusion: downstairs
D:9 1 runed translucent door, exclusion: downstairs, lllmatko's ghost, novice MiBe
D:10 exclusion: 2 doors, Erolcha
Lair:1 Maggie
Orc:1 exclusion: orc warlord


Message History

Okay, then.
Unknown command.
Okay, then.
Unknown command.
Unknown command.
Unknown command.
There is an open door here.
Something hits the fire dragon!! x2
Throwing (i - inventory. (/) - cycle)
r - 42 poisoned darts (quivered)
Press: ? - help, Shift-Dir - straight line, f/p - fire dragon
Aim: a fire dragon (almost dead)
Okay, then.
Unknown command.
You slash the orc!
You kill the orc!
Vehumet accepts your kill. The fire dragon breathes flames at you.
The blast of flame hits you!!!
Ouch! That really hurt!
You die...

...........#......#.......
...........#......#.....8.
...........#......#.....##
...........#...C..#......##
###...##..#####D###.......#####+#
.##...##..#......................
.#........#...................###
.'........#.....).............#
.#........#.....@.............#
.#........#...................#
.##.##....#...................###
.##.##+#######.....#######..<....
.............#.....#.....#.......
.............#.....#..(..#.......
.............#.....+.....#.......
.............#.....#.....#.......
.............# #.....'.......


You could see a fire dragon (catching breath) and a friendly ettin (charmed).

Vanquished Creatures
  A cyclops (D:11)
  Pikel (D:5)
  Joseph (D:10)
  An elephant (D:8)
  A gargoyle (D:11)
  2 hippogriffs (D:8)
  A shadow (D:11)
  A human (D:7)
  Eustachio (D:4)
  A basilisk (D:8)
  7 yaks
  3 hogs (D:7)
  A warg (D:9)
  An ice beast (D:7)
  4 orc warriors
  4 slaves
  3 sky beasts
  A phantom (D:4)
  2 ogres
  3 centaurs
  2 crocodiles (D:8)
  4 bullfrogs
  A big kobold (D:8)
  4 scorpions
  5 killer bees (D:7)
  2 howler monkeys
  8 wights (D:9)
  3 crimson imps
  2 centaur zombies
  2 bullfrog zombies (D:7)
  2 jellies
  6 orc priests
  3 hounds
  2 bullfrog skeletons
  2 iguanas
  12 orc wizards
  9 worker ants
  A killer bee zombie (D:9)
  A howler monkey zombie (D:7)
  A worker ant zombie (D:8)
  7 gnolls
  2 howler monkey skeletons
  11 adders
  3 adder skeletons
  2 worms (D:3)
  A dart slug (D:2)
  10 leopard geckos
  30 orcs
  A ball python (D:1)
  8 giant cockroaches
  7 goblins
  12 hobgoblins
  11 jackals
  7 quokkas
  8 bats
  7 frilled lizards
  8 kobolds
  6 rats
253 creatures vanquished.

Notes
Turn   | Place    | Note
-------+----------+-------------------------------------------
     0 | D:1      | CrazyMind the Human Conjurer began the quest for the Orb.
     0 | D:1      | Reached XP level 1. HP: 13/13 MP: 3/3
   315 | D:1      | Reached XP level 2. HP: 11/19 MP: 0/5
   372 | D:1      | Learned a level 2 spell: Searing Ray
   846 | D:1      | Reached XP level 3. HP: 24/24 MP: 4/6
  1828 | D:2      | Reached XP level 4. HP: 30/30 MP: 5/7
  2194 | D:2      | Found an ancient bone altar of Kikubaaqudgha.
  2212 | D:2      | Reached skill level 5 in Conjurations
  2423 | D:2      | Reached XP level 5. HP: 35/35 MP: 7/9
  3625 | D:3      | Found an ornate altar of the Wu Jian Council.
  3939 | D:3      | Reached XP level 6. HP: 40/42 MP: 9/11
  4381 | D:4      | Noticed Eustachio
  4673 | D:4      | Noticed a phantom
  4853 | D:5      | Entered Level 5 of the Dungeon
  4892 | D:4      | Reached skill level 1 in Fighting
  4933 | D:5      | Reached skill level 1 in Maces & Flails
  5184 | D:5      | Reached XP level 7. HP: 44/48 MP: 7/13
  5722 | D:5      | Got a slimy falchion
  5725 | D:5      | Identified the +12 falchion "Othret" {holy, rElec rN+
                  | Int-5} (You found it on level 5 of the Dungeon)
  5818 | D:6      | Reached skill level 1 in Armour
  5824 | D:6      | Reached skill level 6 in Conjurations
  6119 | D:6      | Reached skill level 5 in Spellcasting
  6119 | D:6      | Reached XP level 8. HP: 44/54 MP: 11/15
  6232 | D:6      | Found a bloodstained altar of Trog.
  6236 | D:6      | Found a glowing golden altar of the Shining One.
  6237 | D:6      | Found a hazy altar of Hepliaklqana.
  6259 | D:6      | Found a staircase to the Ecumenical Temple.
  6283 | Temple   | Entered the Ecumenical Temple
  6419 | Temple   | Became a worshipper of Vehumet
  6636 | D:4      | Found a shimmering blue altar of Sif Muna.
  6953 | D:4      | Killed Eustachio
  7286 | D:4      | Learned a level 3 spell: Stone Arrow
  7553 | D:6      | Noticed Pikel
  7784 | D:5      | Killed Pikel
  7784 | D:5      | Reached skill level 1 in Earth Magic
  7784 | D:5      | Reached XP level 9. HP: 35/61 MP: 5/17
  8356 | D:7      | HP: 2/61 [ice beast (14)]
  8360 | D:7      | Reached skill level 5 in Armour
  8624 | D:7      | Reached skill level 7 in Conjurations
  9166 | D:7      | Reached skill level 1 in Throwing
  9921 | D:7      | Reached * piety under Vehumet
  9921 | D:7      | Offered knowledge of Shock by Vehumet.
  9942 | D:7      | Learned a level 2 spell: Passwall
  9965 | D:7      | Reached XP level 10. HP: 29/67 MP: 11/20
 10489 | D:8      | Got a blackened broad axe
 10490 | D:8      | Identified the +6 broad axe "Vessyutz" {elec, +Blink Int+4}
                  | (You found it on level 8 of the Dungeon)
 10584 | D:8      | Noticed a death yak
 10663 | D:8      | Noticed an elephant
 10930 | D:9      | Reached skill level 8 in Conjurations
 11119 | D:9      | Reached skill level 1 in Axes
 11647 | D:9      | Found a staircase to the Orcish Mines.
 11868 | D:9      | Reached ** piety under Vehumet
 11868 | D:9      | Offered knowledge of Foxfire by Vehumet.
 11973 | D:9      | Reached skill level 5 in Dodging
 12011 | D:9      | Found a runed translucent door.
 12011 | D:9      | Noticed lllmatko's ghost (novice MiBe)
 12246 | D:9      | Found a roughly hewn altar of Beogh.
 12728 | D:9      | Found an iron altar of Okawaru.
 13044 | D:8      | Killed an elephant
 13044 | D:8      | Reached skill level 5 in Earth Magic
 13320 | D:8      | Reached XP level 11. HP: 75/75 MP: 22/22
 13415 | D:8      | Found a staircase to the Lair.
 14016 | D:10     | Entered Level 10 of the Dungeon
 14024 | D:10     | Noticed Joseph
 14151 | D:10     | Noticed Erolcha
 14221 | Lair:1   | Entered Level 1 of the Lair of Beasts
 14221 | Lair:1   | Noticed Maggie
 14272 | Orc:1    | Entered Level 1 of the Orcish Mines
 14294 | D:9      | Offered knowledge of Static Discharge by Vehumet.
 14349 | Orc:1    | Noticed an orc warlord
 14667 | D:10     | Killed Joseph
 14694 | D:10     | Reached skill level 9 in Conjurations
 14720 | D:9      | Learned a level 3 spell: Dazzling Flash
 15653 | D:11     | Reached *** piety under Vehumet
 15670 | D:11     | Learned a level 4 spell: Fulminant Prism
 15676 | D:11     | Learned a level 5 spell: Lee's Rapid Deconstruction
 15826 | D:11     | Noticed a cyclops
 16426 | D:11     | Killed a cyclops
 16733 | D:11     | Noticed a fire dragon
 16733 | D:11     | Noticed an ettin
 16748 | D:11     | Killed from afar by a fire dragon

Illustrated notes

Levels and vault maps discovered:
D:1:      minmay_arrival_wavy_path, layout_loops_ring, grunt_decor_mini_mirrors,
          corexii_leaking_fountain
D:2:      layout_basic, kiku_gazebo_pond_becter, serial_forest,
          infiniplex_forest_clump_small, infiniplex_forest_fountain,
          infiniplex_forest_straight_3, infiniplex_forest_end_3,
          infiniplex_forest_clump_medium
D:3:      layout_basic, old_standard_altar, first_ration
D:4:      layout_basic, led_sif_book, serial_curves, eino_curves_03,
          eino_curves_01, grunt_decor_one_mirror, uniq_eustachio
D:5:      layout_basic, grunt_decor_fettered
D:6:      layout_rooms, grunt_temple_overflow_open,
          minmay_temple_entry_offerings, uniq_pikel
D:7:      layout_basic, grunt_livestock, small_statue_intersection
D:8:      layout_layer_cave, david_lair_generic
D:9:      layout_irregular_city, minmay_orc_entry_temple_small, basic_altar,
          hellmonk_ghost_happy_afterlife, minmay_quadrilaterals
D:10:     layout_irregular_city, uniq_joseph, uniq_erolcha
D:11:     layout_gridville, jmf_multi_god_temple, uniq_gastronok
Temple:   nicolae_temple_elliptical
Lair:1:   layout_layer_cave, chequers_serial_rivers_marsh, uniq_urug,
          uniq_maggie, uniq_erica
Orc:1:    layout_diamond_mine, basic_altar

Skill      XL: |  1  2  3  4  5  6  7  8  9 10 11 |
---------------+----------------------------------+-----
Conjurations   | 5 6 7 8 9 |  9.4
Spellcasting   | 3 4 5 6 7 8 |  8.2
Fighting       | 1 2 3 4 |  4.3
Maces & Flails | 1 |  1.0
Dodging        | 3 4 5 |  5.8
Armour         | 2 4 6 |  6.9
Earth Magic    | 1 3 5 6 |  6.1
Throwing       | 1 |  1.0
Axes           | 2 |  2.8
Stealth        | |  2.0

Action                   |  1- 3 |  4- 6 |  7- 9 | 10-12 || total
-------------------------+-------+-------+-------+-------++-------
Melee: Dagger            |     7 |     7 |       |       ||    14
       Whip              |       |    31 |    31 |     3 ||    65
       Broad axe         |       |       |       |   120 ||   120
Throw: Dart              |       |     5 |    24 |    54 ||    83
       Stone             |       |     1 |    11 |       ||    12
       Boomerang         |       |       |     1 |    52 ||    53
 Cast: Magic Dart        |    61 |    51 |    28 |     2 ||   142
       Searing Ray       |     2 |    23 |    51 |    52 ||   128
       Stone Arrow       |       |       |     9 |    16 ||    25
       Lee's Rapid Decon |       |       |       |     2 ||     2
Evoke: Wand              |       |       |       |     2 ||     2
  Use: Scroll            |       |     5 |     7 |     2 ||    14
       Potion            |       |       |     1 |     1 ||     2
 Stab: Sleeping          |     3 |     8 |     1 |     1 ||    13
       Invisible         |       |       |       |     3 ||     3
  Eat: Chunk             |     4 |    11 |    12 |    19 ||    46
       Ration            |       |       |     1 |     1 ||     2
Armor: Robe              |     5 |     6 |       |       ||    11
       Leather armour    |       |       |    13 |    35 ||    48
Dodge: Dodged            |    27 |    46 |    99 |   163 ||   335
